[Event "Stadtmeisterschaft Ulm/Neu Ulm 2009"]
[Site "Ulm"]
[Date "2009.12.11"]
[Round "7"]
[White "Späth, Gerhard"]
[Black "Hackstein, Urs"]
[Result "0-1"]
[ECO "C42"]
[WhiteElo "1683"]
[BlackElo "1747"]
[Annotator ",Fred"]
[PlyCount "100"]
[EventDate "2009.??.??"]
[TimeControl "40/5400+30:0"]

1. e4 e5 2. Nf3 Nf6 3. Nxe5 d6 4. Nf3 Nxe4 5. Qe2 Qe7 6. d3 Nf6 7. Bg5 Qxe2+ 8.
Bxe2 Be7 9. Nc3 c6 10. O-O-O Bg4 11. h3 Bh5 12. g4 Bg6 13. Nh4 Nbd7 14. f4 h6
15. Nxg6 fxg6 16. Bxf6 gxf6 17. Bf3 O-O-O 18. Rhe1 Rhe8 19. Re2 Bf8 20. Be4 g5
21. fxg5 fxg5 22. Bf5 Rxe2 23. Nxe2 Bg7 24. c3 Re8 25. Kd2 Kc7 26. d4 d5 27.
Rf1 Nf6 28. Ng3 Rf8 29. Bg6 Ng8 30. Re1 Rd8 31. Nf5 Bf8 32. Bf7 Nf6 33. Re6
Ne4+ 34. Ke3 Nd6 35. Nxh6 Bxh6 36. Rxh6 Nxf7 37. Rh7 Rd7 38. Rh5 Kd8 39. h4
gxh4 40. Rxh4 Rd6 41. Rh7 Ke7 42. g5 Rg6 43. Kf4 Ke6 44. Rh5 b6 45. b4 a6 46.
a3 Rg8 47. Kg4 Rh8 48. g6 Rg8 49. Rh7 Rxg6+ 50. Kh5 Rg1 0-1

[Event "Stadtmeisterschaft Ulm/Neu Ulm 2009"]
[Site "Ulm"]
[Date "2009.12.11"]
[Round "7"]
[White "Heinrich, Klaus"]
[Black "Förderreuther, Jonas"]
[Result "1/2-1/2"]
[ECO "A02"]
[WhiteElo "1829"]
[BlackElo "1623"]
[Annotator ",Fred"]
[PlyCount "81"]
[EventDate "2009.??.??"]
[TimeControl "40/5400+30:0"]

1. f4 e5 2. fxe5 d6 3. Nf3 Nc6 4. e4 dxe5 5. c3 Bg4 6. b4 f5 7. h3 Bxf3 8. Qxf3
Qh4+ 9. Kd1 Qxe4 10. Qxe4 fxe4 11. Bb5 Kd7 12. Na3 a6 13. Ba4 Nf6 14. Re1 b5
15. Bc2 Bd6 16. Bxe4 Nxe4 17. Rxe4 Rhf8 18. Ke2 Rf4 19. d3 Rxe4+ 20. dxe4 Ne7
21. Be3 c6 22. Rd1 Kc7 23. Nc2 Ng6 24. g3 Rf8 25. Bg1 Ne7 26. a3 Rf7 27. c4 Nc8
28. Ne3 g6 29. Ra1 Bf8 30. c5 h5 31. Bh2 Kd7 32. a4 a5 33. axb5 axb4 34. bxc6+
Kxc6 35. Ra6+ Kxc5 36. Rxg6 b3 37. Bg1 Kb4 38. Nd5+ Ka3 39. Ra6+ Kb2 40. Be3
Nd6 41. Kd3 1/2-1/2

[Event "Stadtmeisterschaft Ulm/Neu Ulm 2009"]
[Site "Ulm"]
[Date "2009.12.11"]
[Round "7"]
[White "Unseld, Rolf"]
[Black "Goda, Frederic"]
[Result "0-1"]
[ECO "B21"]
[WhiteElo "1740"]
[BlackElo "1605"]
[Annotator ",Fred"]
[PlyCount "86"]
[EventDate "2009.??.??"]
[TimeControl "40/5400+30:0"]

1. e4 c5 2. d4 cxd4 3. c3 Nc6 4. cxd4 Nf6 5. Nc3 d6 6. Bc4 g6 7. Nf3 Bg7 8. d5
Nb8 9. O-O O-O 10. Be3 Nbd7 11. h3 a6 12. Re1 b5 13. Bd3 Nc5 14. Bd4 Bb7 15. b4
Nxd3 16. Qxd3 Rc8 17. a4 Rc4 18. axb5 axb5 19. Nxb5 Rxb4 20. Bc3 Nxd5 21. Bxg7
Nf4 22. Qd2 Rxb5 23. Bxf8 Nxh3+ 24. gxh3 Qxf8 25. Nd4 Rh5 26. Rab1 Qc8 27. Re3
e5 28. Ne2 f5 29. Reb3 f4 30. Rxb7 Qxh3 31. Rb8+ Kg7 32. R1b7+ Kh6 33. Ng3 Rg5
34. Rb3 Rg4 35. R8b7 Kg5 36. Qe2 Rh4 37. Rd7 Qxd7 38. Kf1 fxg3 39. Rxg3+ Kf6
40. Rd3 Qc6 41. f3 Qc1+ 42. Kg2 Qh1+ 43. Kg3 Rh3+ 0-1

[Event "Stadtmeisterschaft Ulm/Neu Ulm 2009"]
[Site "Ulm"]
[Date "2009.12.11"]
[Round "7"]
[White "Goda, Robert-Renè"]
[Black "Kühn, Bernd"]
[Result "1-0"]
[ECO "D02"]
[WhiteElo "1544"]
[BlackElo "1702"]
[Annotator ",Fred"]
[PlyCount "109"]
[EventDate "2009.??.??"]
[TimeControl "40/5400+30:0"]

1. d4 Nf6 2. Nf3 d5 3. Bf4 c5 4. e3 Nc6 5. c3 Qb6 6. Qb3 c4 7. Qxb6 axb6 8.
Nbd2 Bf5 9. h3 h6 10. Ne5 e6 11. Be2 b5 12. Nxc6 bxc6 13. a3 c5 14. O-O cxd4
15. exd4 Be7 16. Be5 O-O 17. g4 Bh7 18. f4 Nd7 19. f5 f6 20. Bg3 e5 21. dxe5
fxe5 22. Nf3 Bc5+ 23. Bf2 Rfe8 24. Rad1 Bxf2+ 25. Rxf2 Nb6 26. Bf1 Rad8 27.
Rfd2 Kh8 28. Bg2 Bg8 29. Nh2 Re7 30. Kf2 Red7 31. Nf3 Re7 32. Nh4 Bf7 33. Bh1
Kh7 34. Be4 Kg8 35. Ng6 Bxg6 36. fxg6 Rf8+ 37. Bf5 e4 38. Ke3 Re5 39. Kd4 Rexf5
40. gxf5 Rxf5 41. Kc5 Rf6 42. Rg2 e3 43. Re1 Re6 44. Rg3 Kf8 45. Rgxe3 Rxe3 46.
Rxe3 Na4+ 47. Kxb5 Nxb2 48. Kc5 Nd1 49. Rf3+ Ke7 50. Kxd5 Nb2 51. Rf7+ Ke8 52.
Rxg7 Kf8 53. Rh7 h5 54. Rxh5 Kg7 55. Rg5 1-0

[Event "Stadtmeisterschaft Ulm/Neu Ulm 2009"]
[Site "Ulm"]
[Date "2009.12.11"]
[Round "7"]
[White "Hengstberger, Ulli"]
[Black "Kromer, Thomas"]
[Result "1/2-1/2"]
[ECO "D30"]
[WhiteElo "1471"]
[BlackElo "1675"]
[Annotator ",Fred"]
[PlyCount "158"]
[EventDate "2009.??.??"]
[TimeControl "40/5400+30:0"]

1. d4 d5 2. c4 e6 3. e3 Nf6 4. Nf3 Be7 5. Bd3 O-O 6. O-O b6 7. cxd5 exd5 8. Nc3
Bg4 9. Be2 c5 10. Ne5 Bxe2 11. Nxe2 Bd6 12. f4 Ne4 13. Nc3 Nxc3 14. bxc3 Nd7
15. Nxd7 Qxd7 16. Qf3 Qf5 17. g4 Qc2 18. Qxd5 Qxc3 19. Rb1 Rad8 20. Rb3 Qc2 21.
Qg2 Qxg2+ 22. Kxg2 cxd4 23. exd4 Rfe8 24. Rf2 Re4 25. Be3 Rc8 26. Kf3 Re7 27.
h4 Rec7 28. f5 Rc3 29. Rfb2 Kf8 30. Rxc3 Rxc3 31. Ke4 Ke7 32. g5 Ba3 33. Rf2 f6
34. g6 h5 35. Re2 Bd6 36. Kd5 Kd7 37. Bf2 Rf3 38. Be3 Rxf5+ 39. Ke4 Ra5 40. Bh6
f5+ 41. Kd3 Ra3+ 42. Kc4 Bf8 43. Bg5 Bd6 44. Rf2 f4 45. Kd5 Ra5+ 46. Ke4 Ke6
47. Rd2 Ra4 48. Bxf4 Bxf4 49. Kxf4 Kf6 50. Ke4 Kxg6 51. Ke5 Kf7 52. Kd6 Ke8 53.
Kc7 Rc4+ 54. Kd6 Kd8 55. Kd5 Rc7 56. Kd6 Rf7 57. Rh2 Rf6+ 58. Ke5 Kd7 59. d5 b5
60. Rg2 Rf7 61. Rg6 Re7+ 62. Kd4 Rf7 63. Kc5 b4 64. Rg5 a5 65. Kb5 Rf2 66. Kxa5
Rxa2+ 67. Kxb4 Rh2 68. Rxh5 Kd6 69. Kc3 Kc5 70. Kd3 Rh1 71. Ke4 Re1+ 72. Kf5
Kxd5 73. Kg6+ Ke6 74. Kxg7 Rb1 75. Rh7 Rg1+ 76. Kh6 Kf6 77. h5 Rg8 78. Rd7 Rh8+
79. Rh7 Rxh7+ 1/2-1/2

[Event "Stadtmeisterschaft Ulm/Neu Ulm 2009"]
[Site "Ulm"]
[Date "2009.12.11"]
[Round "7"]
[White "Schmidt, Waldemar"]
[Black "Hoffart, Alexander"]
[Result "0-1"]
[ECO "D00"]
[WhiteElo "1689"]
[BlackElo "1828"]
[Annotator ",Fred"]
[PlyCount "124"]
[EventDate "2009.??.??"]
[TimeControl "40/5400+30:0"]

1. d4 d5 2. Bf4 Nf6 3. e3 e6 4. Bd3 Bd6 5. Bxd6 Qxd6 6. Nf3 Qb4+ 7. Nbd2 Qxb2
8. O-O Qa3 9. Ne5 Nbd7 10. Ndf3 h6 11. h3 c5 12. Nh2 cxd4 13. exd4 Qc3 14. Nhg4
Nxe5 15. Nxe5 Bd7 16. Nxd7 Nxd7 17. Bb5 Rd8 18. Re1 O-O 19. Re3 Qc7 20. Rg3 Nf6
21. Qf3 Ne4 22. Rg4 f5 23. Rg6 Qf7 24. Rg3 Nxg3 25. Qxg3 Qf6 26. Qf4 g5 27. Qe3
f4 28. Qd2 f3 29. g3 Rd6 30. Re1 a6 31. Bd3 Kg7 32. Re5 Rb6 33. Kh2 Rf7 34. Qe1
Kf8 35. Qa5 Rc6 36. Qe1 Rfc7 37. Qd2 Ke7 38. Qb4+ Kd7 39. Qb3 Kc8 40. Qa4 h5
41. Qb4 h4 42. Qd2 hxg3+ 43. Kxg3 Rg7 44. Qe3 Kd7 45. Qxf3 Qxf3+ 46. Kxf3 Rc8
47. Kg4 Rf8 48. Rxg5 Rxg5+ 49. Kxg5 Rxf2 50. h4 Ke7 51. h5 Kf8 52. h6 Kg8 53.
h7+ Kg7 54. Kg4 b5 55. Kg5 b4 56. Kg4 a5 57. Kg5 a4 58. Kg4 Rd2 59. Bb5 Rxd4+
60. Kf3 a3 61. Bd3 Rxd3+ 62. cxd3 b3 0-1

[Event "Stadtmeisterschaft Ulm/Neu Ulm 2009"]
[Site "Ulm"]
[Date "2009.12.11"]
[Round "7"]
[White "Krauß, Rainer"]
[Black "Rix, Michael"]
[Result "1-0"]
[ECO "B38"]
[WhiteElo "1726"]
[BlackElo "1645"]
[Annotator ",Fred"]
[PlyCount "49"]
[EventDate "2009.??.??"]
[TimeControl "40/5400+30:0"]

1. e4 c5 2. Nf3 Nc6 3. d4 cxd4 4. Nxd4 g6 5. c4 Bg7 6. Be3 Nf6 7. Nc3 O-O 8.
Be2 e6 9. O-O d5 10. cxd5 exd5 11. exd5 Nxd5 12. Nxd5 Qxd5 13. Bf3 Qd7 14. Nxc6
bxc6 15. Qc2 Bb7 16. Rac1 Rfc8 17. b3 Qe7 18. Rfe1 Qa3 19. Bc5 Qb2 20. Re7 Ba6
21. Bxa7 Re8 22. Qxb2 Bxb2 23. Rce1 Rxe7 24. Rxe7 Ba3 25. Bxc6 1-0

[Event "Stadtmeisterschaft Ulm/Neu Ulm 2009"]
[Site "Ulm"]
[Date "2009.12.11"]
[Round "7"]
[White "Haitov, Haim"]
[Black "Zierke, Markus"]
[Result "0-1"]
[ECO "C00"]
[WhiteElo "1386"]
[BlackElo "1725"]
[Annotator ",Fred"]
[PlyCount "100"]
[EventDate "2009.??.??"]
[TimeControl "40/5400+30:0"]

1. e4 e6 2. Qe2 c5 3. Nf3 Nc6 4. a3 Be7 5. g3 d5 6. exd5 exd5 7. Bg2 Bg4 8. O-O
Nd4 9. Qd1 Nf6 10. c3 Nxf3+ 11. Bxf3 Bxf3 12. Qxf3 Qd7 13. d3 O-O-O 14. Bf4 h5
15. Qg2 h4 16. Nd2 hxg3 17. fxg3 Rh5 18. Nf3 Bd6 19. Bxd6 Qxd6 20. Rae1 d4 21.
c4 Ng4 22. Qd2 Ne3 23. Rf2 Rdh8 24. Rxe3 dxe3 25. Qxe3 Rd8 26. Rd2 Qe6 27.
Qxe6+ fxe6 28. b4 Rf5 29. Nh4 Re5 30. Ng2 b6 31. b5 g5 32. a4 Rf5 33. Ne1 Rdf8
34. Re2 Kd7 35. Nc2 Rf1+ 36. Kg2 Rd1 37. Ne1 Ra1 38. Nf3 Rg8 39. Ne5+ Kd6 40.
Nf7+ Ke7 41. Ne5 Rxa4 42. Nc6+ Kd6 43. g4 a5 44. Kg3 Ra1 45. Kg2 a4 46. d4 a3
47. d5 exd5 48. cxd5 Ra8 49. Ne7 a2 50. Re6+ Kd7 0-1

[Event "Stadtmeisterschaft Ulm/Neu Ulm 2009"]
[Site "Ulm"]
[Date "2009.12.11"]
[Round "7"]
[White "Frühsorger, Dieter"]
[Black "Lell, Stephan"]
[Result "1-0"]
[ECO "B07"]
[WhiteElo "1659"]
[BlackElo "1494"]
[Annotator ",Fred"]
[PlyCount "33"]
[EventDate "2009.??.??"]
[TimeControl "40/5400+30:0"]

1. e4 d6 2. d4 Nf6 3. Nc3 Nbd7 4. f4 e5 5. fxe5 dxe5 6. dxe5 Nxe5 7. Qxd8+ Kxd8
8. Bg5 Be7 9. O-O-O+ Bd7 10. Nf3 Nxf3 11. gxf3 h6 12. Bxf6 Bxf6 13. Bh3 Bg5+
14. Kb1 Ke8 15. Rxd7 Rc8 16. Nb5 c6 17. Nd6+ 1-0

[Event "Stadtmeisterschaft Ulm/Neu Ulm 2009"]
[Site "Ulm"]
[Date "2009.12.11"]
[Round "7"]
[White "Jahn, Manfred"]
[Black "Ziad, Amar"]
[Result "1-0"]
[ECO "E61"]
[WhiteElo "1689"]
[BlackElo "1488"]
[Annotator ",Fred"]
[PlyCount "57"]
[EventDate "2009.??.??"]
[TimeControl "40/5400+30:0"]

1. d4 Nf6 2. c4 g6 3. Nc3 Bg7 4. Nf3 O-O 5. Bg5 d6 6. e3 c5 7. Be2 a6 8. Bh4
Bf5 9. O-O Nbd7 10. Nd2 g5 11. Bg3 Qb6 12. Na4 Qa5 13. Bf3 Rab8 14. e4 Bg6 15.
e5 Ne8 16. Bg4 f5 17. exf6 Nexf6 18. Be6+ Kh8 19. Nf3 cxd4 20. Nxd4 Nc5 21. Nc3
Nfe4 22. Nd5 Nxg3 23. hxg3 Qd8 24. f4 Bd3 25. b4 Bxd4+ 26. Kh2 Nxe6 27. Qxd3
Bxa1 28. Rxa1 Ng7 29. fxg5 1-0

[Event "Stadtmeisterschaft Ulm/Neu Ulm 2009"]
[Site "Ulm"]
[Date "2009.12.11"]
[Round "7"]
[White "von Koschitzky, Ignatio Simo"]
[Black "Krapf, Katharina"]
[Result "1-0"]
[ECO "C11"]
[WhiteElo "1305"]
[BlackElo "1225"]
[Annotator ",Fred"]
[PlyCount "63"]
[EventDate "2009.??.??"]
[TimeControl "40/5400+30:0"]

1. e4 Nf6 2. Nc3 d5 3. e5 Nfd7 4. d4 e6 5. Nf3 c5 6. Bf4 Qb6 7. Rb1 Nc6 8. Ne2
Qa5+ 9. Nc3 cxd4 10. Nxd4 Bb4 11. Nxc6 Bxc3+ 12. bxc3 Qxc3+ 13. Qd2 Qxc6 14.
Bd3 O-O 15. O-O f6 16. exf6 Nxf6 17. Be5 Qe8 18. Rb4 Qh5 19. Bg3 e5 20. Rh4 Qe8
21. Qe2 e4 22. Bb5 Bd7 23. Bxd7 Qxd7 24. Be5 Rae8 25. Bd4 a6 26. c3 Qf5 27. Qd1
Qg5 28. Rh3 Ng4 29. Rg3 Nxf2 30. Rxg5 Nxd1 31. Rxg7+ Kh8 32. Rg3+ 1-0

[Event "Stadtmeisterschaft Ulm/Neu Ulm 2009"]
[Site "Ulm"]
[Date "2009.12.11"]
[Round "7"]
[White "Schmollinger, Jonathan"]
[Black "Maftaj, Miftar"]
[Result "1-0"]
[ECO "A00"]
[WhiteElo "1262"]
[BlackElo "796"]
[Annotator ",Fred"]
[PlyCount "49"]
[EventDate "2009.??.??"]
[TimeControl "40/5400+30:0"]

1. b4 d5 2. Bb2 Nc6 3. b5 Nb8 4. Nf3 a6 5. a4 axb5 6. axb5 Rxa1 7. Bxa1 c6 8.
e3 Qa5 9. Nc3 c5 10. Nxd5 Bf5 11. Bd3 Bg4 12. Bc3 Qd8 13. Bc4 Be6 14. e4 Nf6
15. Nxf6+ exf6 16. Bxe6 fxe6 17. O-O Bd6 18. d4 O-O 19. d5 exd5 20. Qxd5+ Kh8
21. Qxb7 Nd7 22. Rd1 Nb6 23. e5 fxe5 24. Bxe5 Nc4 25. Qxg7# 1-0